 Dungeon Crawl Stone Soup version 0.31-a0-236-g9a0961fb85 (webtiles) character file.

Game seed: 16424201488492812097

25347 qw the Marksgargoyle (level 13, -2/82 HPs)
             Began as a Gargoyle Hexslinger on July 9, 2023.
             Was a High Priest of Okawaru.
             Slain by a death yak (13 damage)
             ... on level 2 of the Lair of Beasts.
             The game lasted 00:06:41 (10404 turns).

qw the Marksgargoyle (Gargoyle Hexslinger)         Turns: 10404, Time: 00:06:41

Health: -2/82      AC: 20    Str: 12    XL:     13   Next: 19%
Magic:  16/20      EV: 19    Int: 15    God:    Okawaru [*****.]
Gold:   808        SH:  0    Dex: 21    Spells: 13/14 levels left

rFire   . . .        Y - +1 orcbow (chaos)
rCold   . . .        (shield currently unavailable)
rNeg    + . .        g - +0 troll leather armour
rPois   inf          a - +1 helmet "Males" {rElec rF- Regen+ Dex+5}
rElec   +            r - +0 cloak
rCorr   .            (no gloves)
SInv    .            n - +2 pair of boots {Stlth+}
Will    .....        l - amulet of faith
Stlth   ++++         e - ring of protection from fire
HPRegen 1.93/turn    (no ring)
MPRegen 0.17/turn

%: faith
@: about to teleport, heroic, finesse-ful
A: sickness immunity, AC +9, negative energy resistance 1, electricity
resistance, torment resistance 1, petrification resistance, deformed body
a: Renounce Religion, Heroism, Finesse, Duel


You were on level 2 of the Lair of Beasts.
You worshipped Okawaru.
Okawaru was extremely pleased with you.
You visited 3 branches of the dungeon, and saw 12 of its levels.

You collected 808 gold pieces.


Innate Abilities, Weirdness & Mutations

You are immune to sickness and miasma.
Your stone body is resilient. (AC +9)
You are immune to poison.
You resist negative energy. (rN+)
You are resistant to electric shocks. (rElec)
You are resistant to unholy torment.
You are immune to petrification.
Armour fits poorly on your strangely shaped body.


   Skills:
 - Level 10.0(15.0) Fighting
 + Level 15.7(20.7) Ranged Weapons
 - Level 5.2(10.2) Armour
 - Level 6.0(11.0) Dodging
 - Level 1.0 Spellcasting
 - Level 2.6 Hexes
 - Level 10.0 Invocations


You had 13 spell levels left.
You knew the following spells:

 Your Spells              Type           Power      Damage    Failure   Level
a - Slow                  Hex            32%        N/A       10%         1

Your spell library contained the following spells:

 Spells                   Type           Power      Damage    Failure   Level
 Inner Flame              Hex/Fire       4%         N/A       45%         3
 Portal Projectile        Hex/Tloc       8%         N/A       45%         3
 Cause Fear               Hex            4%         N/A       69%         4

Inventory:

Hand Weapons
 Y - a +1 orcbow of chaos (weapon)
Armour
 a - the +1 helmet "Males" (worn) {rElec rF- Regen+ Dex+5}
   (You acquired it on level 1 of the Dungeon)

   Dex:       It affects your dexterity (+5).
   rF:        It makes you vulnerable to fire.
   rElec:     It insulates you from electricity.
   Regen:     It increases your rate of health regeneration.
 g - a +0 troll leather armour (worn)
 n - a +2 pair of boots of stealth (worn)
 r - a +0 cloak (worn)
Jewellery
 e - a ring of protection from fire (left hand)
 l - an amulet of faith (around neck)
 s - an amulet of regeneration
Wands
 j - a wand of digging (6)
Scrolls
 i - 5 scrolls of teleportation
 o - 2 scrolls of identify
Potions
 b - a potion of mutation
 c - a potion of resistance {unknown}
 f - a potion of magic
 h - 2 potions of enlightenment
 k - 4 potions of might
 m - a potion of cancellation
 p - 2 potions of haste
 q - 2 potions of curing

Dungeon Overview and Level Annotations

Branches:
Dungeon (9/15)             Temple (1/1) D:6            Lair (2/5) D:9
  Swamp: Lair:2-3    Shoals: Lair:2-3     Snake: Lair:2-3    Spider: Lair:2-3
    Orc: D:9-12

Altars:
Ashenzari
Cheibriados
Dithmenos
Elyvilon
Fedhas
Gozag
Hepliaklqana
Kikubaaqudgha
Makhleb
Nemelex Xobeh
Okawaru
Qazlal
Ru
Uskayaw
Vehumet
Wu Jian
Xom
Yredelemnul
Zin
The Shining One

Shops:
D:6 *

Annotations:
D:2 1 runed translucent door, Crazy Yiuf
D:4 exclusion: moth of wrath


Message History

You shoot an arrow. The arrow hits the death yak.
Space warps around the death yak.
The death yak is heavily wounded.
The death yak gores you! The death yak misses you.
The death yak closely misses you.
You shoot an arrow. The arrow hits the death yak.
The death yak is severely wounded.
You shoot an arrow. The arrow hits the death yak!
The arrow freezes the death yak.
The death yak is almost dead.
You shoot an arrow. The arrow barely misses the death yak.
The death yak gores you but does no damage. x2
The death yak completely misses you.
You shoot an arrow.
The arrow completely misses the death yak.
You shoot an arrow.
The arrow hits the death yak but does no damage.
The death yak looks as sick as possible!
The death yak is almost dead.
The death yak gores you! x2
The death yak gores you but does no damage.
10401 ||| READING 6 scrolls of teleportation.
As you read the scroll of teleportation, it crumbles to dust.
You feel strangely unstable.
The death yak gores you but does no damage. x2
The death yak gores you!
You shoot an arrow.
The arrow hits the death yak but does no damage.
The death yak is almost dead.
You kill the death yak!
Okawaru is honoured by your kill. Okawaru grants you a weapon!
Something appears at your feet!
You see here a +1 arbalest of freezing.
You shoot an arrow. The arrow hits the death yak!!
The death yak looks as sick as possible!
The death yak is moderately wounded.
You shoot an arrow.
The arrow hits the death yak but does no damage.
The death yak is moderately wounded.
The death yak misses you. The death yak gores you!
You die...

. .... ... .
.....###+####... .
.................
........................
........................
........................
.................%......
.P#...P#........@Y......
.........#....#.YP.#P#..
.........#...#.#...#
P.............#.#...#
.........#.........##
.............###...#
.............# ####
#........P...#
###..##P.#...#


You could see 2 death yaks.

Vanquished Creatures
  A centaur warrior (D:9)
  A boulder beetle (Lair:1)
  4 two-headed ogres (D:9)
  8 death yaks
  Pikel (D:4)
  A lindwurm (shapeshifter) (D:9)
  Maurice (D:8)
  A black mamba (Lair:1)
  4 cane toads (Lair:1)
  Maggie (D:6)
  A cane toad (shapeshifter) (D:9)
  3 rime drakes (Lair:1)
  A rime drake (shapeshifter) (Lair:2)
  A yaktaur (shapeshifter) (D:9)
  2 polar bears
  A hornet (D:9)
  3 trolls (D:9)
  13 blink frogs
  Sigmund (D:5)
  19 yaks
  3 steam dragons
  Menkaure (D:5)
  An acid dragon (D:9)
  3 wargs (D:9)
  8 water moccasins
  4 orc warriors
  3 black bears
  8 centaurs
  2 ogres (D:5)
  A phantom (D:5)
  2 lemures (D:4)
  10 bullfrogs
  6 scorpions
  10 wights
  6 killer bees
  5 howler monkeys (D:9)
  2 electric eels (Lair:1)
  2 jellies (D:6)
  5 orc priests
  3 hounds
  2 gnoll boudas
  Terence (D:2)
  2 iguanas
  9 orc wizards
  3 gnolls
  15 adders
  A shadow imp (D:7)
  2 white imps
  An ufetubus (D:5)
  3 dart slugs
  31 orcs
  10 bats
  5 endoplasms
  3 giant cockroaches
  4 hobgoblins
  6 quokkas
  7 ball pythons
  6 frilled lizards
  14 goblins
  4 kobolds
  4 rats
286 creatures vanquished.

Vanquished Creatures (others)
  A human (D:5)
1 creature vanquished.

Grand Total: 287 creatures vanquished

Notes
Turn   | Place    | Note
-------+----------+-------------------------------------------
     0 | D:1      | qw the Gargoyle Hexslinger began the quest for the Orb.
     0 | D:1      | Reached XP level 1. HP: 12/12 MP: 2/2
     0 | D:1      | 0 ||| qw: Version: 0.3-a-51-g015441d
     0 | D:1      | 0 ||| qw: Game counter: 4446
     0 | D:1      | 0 ||| qw: Melee chars always use a shield: true
     0 | D:1      | 0 ||| qw: God list: Okawaru
     0 | D:1      | 0 ||| qw: Allow faded altars: false
     0 | D:1      | 0 ||| qw: Do Orc after clearing Dungeon:15 true
     0 | D:1      | 0 ||| qw: Do second Lair branch before Depths: true
     0 | D:1      | 0 ||| qw: Lair rune preference: random
     0 | D:1      | 0 ||| qw: Goals: Normal
     0 | D:1      | 0 ||| PLANNING D:1-11
   116 | D:1      | Reached XP level 2. HP: 16/16 MP: 3/3
   194 | D:1      | Reached skill level 3 in Ranged Weapons
   312 | D:1      | 312 ||| FLEEEEING.
   371 | D:1      | Reached XP level 3. HP: 21/21 MP: 4/4
   926 | D:1      | 926 ||| UPGRADING to +0 ring mail.
   936 | D:1      | 936 ||| DROPPING +0 robe.
   937 | D:1      | 937 ||| UPGRADING to ring of protection from fire.
   938 | D:1      | 938 ||| READING scroll labelled BETRUTYDEA.
   939 | D:1      | 939 ||| READING scroll labelled DUSUQI JUCK.
   939 | D:1      | Identified a scroll of acquirement
   939 | D:1      | 939 ||| ACQUIRING +1 helmet "Males" {rElec rF- Regen+
                  | Dex+5}
   939 | D:1      | Acquired the +1 helmet "Males" {rElec rF- Regen+ Dex+5}
   941 | D:1      | 941 ||| UPGRADING to +1 helmet "Males" {rElec rF- Regen+
                  | Dex+5}.
   946 | D:1      | 946 ||| READING scroll labelled IJIUBR ZEMOSID.
   947 | D:1      | 947 ||| DROPPING scroll of poison.
  1105 | D:2      | Reached skill level 1 in Armour
  1132 | D:2      | Reached XP level 4. HP: 26/26 MP: 5/5
  1206 | D:2      | Noticed Terence
  1219 | D:2      | Killed Terence
  1220 | D:2      | Reached skill level 4 in Ranged Weapons
  1453 | D:2      | Found a runed translucent door.
  1454 | D:2      | Noticed Crazy Yiuf
  1479 | D:2      | Reached XP level 5. HP: 28/30 MP: 6/6
  1631 | D:2      | 1631 ||| READING scroll of acquirement.
  1631 | D:2      | 1631 ||| ACQUIRING +2 pair of boots of stealth
  1631 | D:2      | Acquired a +2 pair of boots of stealth
  1633 | D:2      | 1633 ||| UPGRADING to +2 pair of boots of stealth.
  1733 | D:2      | Found a faded altar of an unknown god.
  1974 | D:2      | 1974 ||| UPGRADING to amulet of the acrobat.
  1979 | D:2      | 1979 ||| READING 2 scrolls labelled PENIWU NIDOLE.
  1980 | D:2      | 1980 ||| READING scroll labelled XIESAV GOFFE.
  2081 | D:2      | 2081 ||| READING scroll labelled CAN QIQ PYIPN.
  2129 | D:2      | 2129 ||| READING scroll labelled ANANKI IMERI.
  2130 | D:2      | 2130 ||| DRINKING 2 brown potions.
  2131 | D:2      | 2131 ||| DRINKING 2 fuming puce potions.
  2172 | D:2      | 2172 ||| DROPPING scroll of vulnerability.
  2173 | D:2      | 2173 ||| DROPPING potion of lignification.
  2207 | D:3      | Found a sparkling altar of Nemelex Xobeh.
  2319 | D:3      | Reached skill level 5 in Ranged Weapons
  2347 | D:3      | Found a shimmering altar of Xom.
  2367 | D:3      | Found a sacrificial altar of Ru.
  2445 | D:3      | 2445 ||| Stepping ~*~*~tactically~*~*~ (water).
  2708 | D:3      | 2708 ||| READING scroll labelled URALI XIRA.
  2709 | D:3      | 2709 ||| READING scroll labelled MADEVU OLULE.
  2710 | D:3      | 2710 ||| READING scroll labelled AVVYAFR TO QIALACW.
  2711 | D:3      | 2711 ||| DRINKING 2 blue potions.
  2712 | D:3      | 2712 ||| DRINKING 2 fuming silvery potions.
  2728 | D:4      | 2728 ||| DRINKING 2 potions of curing.
  2728 | D:4      | 2728 ||| (to cure confusion)
  2734 | D:4      | Reached skill level 3 in Fighting
  2751 | D:4      | Identified the ring "Faki" {Fly rElec}
  2778 | D:4      | Noticed a black bear
  2788 | D:4      | Killed a black bear
  2789 | D:4      | Reached XP level 6. HP: 33/37 MP: 7/7
  3297 | D:4      | Reached skill level 6 in Ranged Weapons
  3318 | D:4      | Noticed a moth of wrath
  3319 | D:4      | 3319 ||| UPGRADING to amulet of faith.
  3329 | D:4      | 3329 ||| DROPPING ring "Faki" {Fly rElec}.
  3330 | D:4      | 3330 ||| READING scroll labelled USEVOS WUERACEKA.
  3540 | D:5      | Entered Level 5 of the Dungeon
  3540 | D:5      | Noticed Pikel
  3543 | D:5      | 3543 ||| STAIRDANCE
  3594 | D:5      | 3594 ||| STAIRDANCE
  3620 | D:4      | Killed Pikel
  3621 | D:4      | Reached skill level 6 in Fighting
  3621 | D:4      | Reached XP level 7. HP: 15/47 MP: 8/8
  3623 | D:4      | Reached XP level 8. HP: 20/52 MP: 9/9
  3658 | D:5      | 3658 ||| STAIRDANCE
  3779 | D:5      | 3779 ||| STAIRDANCE
  3813 | D:5      | Noticed Menkaure
  3818 | D:5      | 3818 ||| Stepping ~*~*~tactically~*~*~ (outnumbered).
  3823 | D:5      | Killed Menkaure
  3824 | D:5      | Reached skill level 7 in Ranged Weapons
  3829 | D:5      | 3829 ||| FLEEEEING.
  3955 | D:5      | Found an ancient bone altar of Kikubaaqudgha.
  4019 | D:5      | Found a hazy altar of Hepliaklqana.
  4050 | D:5      | Noticed Sigmund
  4064 | D:5      | Killed Sigmund
  4064 | D:5      | HP: 5/52 [ogre/+0 giant club (12)]
  4065 | D:5      | Reached skill level 8 in Ranged Weapons
  4065 | D:5      | 4065 ||| DRINKING potion of heal wounds.
  4115 | D:5      | Reached skill level 9 in Ranged Weapons
  4121 | D:5      | Reached XP level 9. HP: 44/56 MP: 10/10
  4273 | D:5      | 4273 ||| DRINKING 2 coppery potions.
  4274 | D:5      | 4274 ||| DROPPING potion of degeneration.
  4361 | D:6      | Noticed Maggie
  4417 | D:6      | HP: 12/56 [Maggie/+0 scimitar of draining (8)]
  4418 | D:6      | 4418 ||| DRINKING potion of heal wounds.
  4420 | D:6      | HP: 4/56 [Maggie/+0 scimitar of draining (11)]
  4421 | D:6      | Killed Maggie
  4422 | D:6      | Reached skill level 10 in Ranged Weapons
  4484 | D:6      | Found a staircase to the Ecumenical Temple.
  4485 | D:6      | 4485 ||| PLANNING TEMPLE
  4485 | D:6      | 4485 ||| UPGRADING to +2 acid dragon scales.
  4495 | D:6      | 4495 ||| DROPPING +0 ring mail.
  4496 | D:6      | 4496 ||| DRINKING 2 fizzy coppery potions.
  4496 | D:6      | Gained mutation: Armour fits poorly on your strangely
                  | shaped body. [potion of mutation]
  4504 | Temple   | Entered the Ecumenical Temple
  4528 | Temple   | 4528 ||| PLANNING OKAWARU WORSHIP
  4675 | Temple   | Became a worshipper of Warmaster Okawaru
  4676 | Temple   | 4676 ||| PLANNING D:1-11
  4721 | D:6      | Found Peibul Siken's Serpentskin Sales.
  5267 | D:6      | 5267 ||| DRINKING potion of curing.
  5267 | D:6      | 5267 ||| (to cure confusion)
  5272 | D:6      | Reached skill level 3 in Dodging
  5282 | D:6      | Reached skill level 3 in Armour
  5456 | D:6      | 5456 ||| READING 2 scrolls of identify.
  5456 | D:6      | 5456 ||| IDENTIFYING fuming emerald potion
  5644 | D:7      | Found a blossoming altar of Fedhas.
  5657 | D:7      | 5657 ||| READING 2 scrolls of identify.
  5657 | D:7      | 5657 ||| IDENTIFYING fizzy black potion
  5658 | D:7      | 5658 ||| DROPPING potion of invisibility.
  5723 | D:7      | 5723 ||| SWAPPING to +0 shortbow.
  5724 | D:7      | 5724 ||| DROPPING +2 sling.
  5848 | D:7      | Found a snail-covered altar of Cheibriados.
  6252 | D:7      | 6252 ||| READING 2 scrolls of identify.
  6252 | D:7      | 6252 ||| IDENTIFYING green potion
  6281 | D:8      | Reached * piety under Okawaru
  6282 | D:8      | Reached skill level 11 in Ranged Weapons
  6302 | D:8      | Reached skill level 1 in Invocations
  6415 | D:8      | Reached XP level 10. HP: 63/63 MP: 11/11
  6470 | D:8      | 6470 ||| Stepping ~*~*~tactically~*~*~ (cloud).
  6472 | D:8      | 6472 ||| INVOKING Heroism.
  6480 | D:8      | Reached skill level 3 in Invocations
  6561 | D:8      | 6561 ||| INVOKING Heroism.
  6597 | D:8      | Reached ** piety under Okawaru
  6598 | D:8      | 6598 ||| FLEEEEING.
  6599 | D:8      | 6599 ||| FLEEEEING.
  6601 | D:8      | 6601 ||| FLEEEEING.
  6602 | D:8      | 6602 ||| FLEEEEING.
  6603 | D:8      | 6603 ||| FLEEEEING.
  6604 | D:8      | 6604 ||| FLEEEEING.
  6605 | D:8      | 6605 ||| FLEEEEING.
  6611 | D:8      | 6611 ||| INVOKING Heroism.
  6943 | D:8      | 6943 ||| INVOKING Heroism.
  7148 | D:8      | Noticed Maurice
  7192 | D:8      | Killed Maurice
  7281 | D:8      | 7281 ||| SWAPPING to +0 orcbow.
  7293 | D:8      | 7293 ||| DROPPING +0 shortbow.
  7697 | D:8      | Found a burning altar of Makhleb.
  7698 | D:8      | 7698 ||| READING scroll labelled WECLYNL CURI.
  7699 | D:8      | 7699 ||| READING 2 scrolls of identify.
  7699 | D:8      | 7699 ||| IDENTIFYING bubbling dark potion
  7724 | D:9      | Found Ginoajuf's Antique Armour Boutique.
  7802 | D:9      | 7802 ||| INVOKING Heroism.
  7848 | D:9      | Noticed a two-headed ogre
  7849 | D:9      | 7849 ||| INVOKING Heroism.
  7854 | D:9      | Killed a two-headed ogre
  7854 | D:9      | Reached *** piety under Okawaru
  7855 | D:9      | Reached skill level 12 in Ranged Weapons
  7894 | D:9      | Noticed a two-headed ogre
  7895 | D:9      | 7895 ||| INVOKING Heroism.
  7900 | D:9      | Killed a two-headed ogre
  7901 | D:9      | Reached XP level 11. HP: 68/68 MP: 11/14
  7928 | D:9      | 7928 ||| Stepping ~*~*~tactically~*~*~ (outnumbered).
  7929 | D:9      | 7929 ||| FLEEEEING.
  7934 | D:9      | 7934 ||| INVOKING Heroism.
  7965 | D:9      | Reached skill level 13 in Ranged Weapons
  7968 | D:9      | Found a staircase to the Lair.
  7978 | D:9      | 7978 ||| INVOKING Heroism.
  8076 | D:9      | 8076 ||| Stepping ~*~*~tactically~*~*~ (outnumbered).
  8301 | D:9      | 8301 ||| READING scroll of enchant weapon.
  8301 | D:9      | 8301 ||| ENCHANTING +0 orcbow of freezing.
  8411 | D:9      | Found an ornate altar of the Wu Jian Council.
  8448 | D:9      | Reached skill level 9 in Fighting
  8454 | D:9      | 8454 ||| READING scroll of brand weapon.
  8454 | D:9      | 8454 ||| BRANDING +1 orcbow of freezing.
  8540 | D:9      | 8540 ||| INVOKING Heroism.
  8586 | D:9      | Noticed a centaur warrior
  8587 | D:9      | 8587 ||| DROPPING +1 helmet.
  8588 | D:9      | 8588 ||| UPGRADING to +0 cloak.
  8593 | D:9      | 8593 ||| READING 2 scrolls of identify.
  8593 | D:9      | 8593 ||| IDENTIFYING orange potion
  8608 | D:9      | Reached **** piety under Okawaru
  8631 | D:9      | a dream sheep changed into a moth of wrath
  8631 | D:9      | Noticed a moth of wrath (shapeshifter)
  8657 | D:9      | Noticed a lindwurm
  8679 | D:9      | 8679 ||| Stepping ~*~*~tactically~*~*~ (outnumbered).
  8682 | D:9      | 8682 ||| INVOKING Heroism.
  8687 | D:9      | HP: 7/71 [lindwurm (shapeshifter)/blast of flame (24)]
  8688 | D:9      | 8688 ||| READING scroll of teleportation.
  8776 | D:9      | Noticed a two-headed ogre
  8781 | D:9      | Noticed a fire crab
  8793 | D:9      | 8793 ||| INVOKING Heroism.
  8797 | D:9      | HP: 14/71 [centaur warrior/arrow (10)]
  8802 | D:9      | Killed a centaur warrior
  8803 | D:9      | 8803 ||| FLEEEEING.
  8807 | D:9      | 8807 ||| FLEEEEING.
  8808 | D:9      | 8808 ||| FLEEEEING.
  8809 | D:9      | 8809 ||| FLEEEEING.
  8810 | D:9      | 8810 ||| FLEEEEING.
  8811 | D:9      | 8811 ||| FLEEEEING.
  8812 | D:9      | 8812 ||| FLEEEEING.
  8813 | D:9      | 8813 ||| FLEEEEING.
  8813 | D:9      | Noticed a two-headed ogre
  8814 | D:9      | 8814 ||| FLEEEEING.
  8815 | D:9      | 8815 ||| FLEEEEING.
  8816 | D:9      | 8816 ||| FLEEEEING.
  8817 | D:9      | 8817 ||| FLEEEEING.
  8818 | D:9      | 8818 ||| FLEEEEING.
  8819 | D:9      | 8819 ||| FLEEEEING.
  8820 | D:9      | 8820 ||| FLEEEEING.
  8821 | D:9      | 8821 ||| FLEEEEING.
  8822 | D:9      | 8822 ||| FLEEEEING.
  8823 | D:9      | 8823 ||| FLEEEEING.
  8829 | D:9      | 8829 ||| FLEEEEING.
  8830 | D:9      | 8830 ||| FLEEEEING.
  8831 | D:9      | 8831 ||| FLEEEEING.
  8837 | D:9      | 8837 ||| FLEEEEING.
  8838 | D:9      | 8838 ||| FLEEEEING.
  8839 | D:9      | 8839 ||| FLEEEEING.
  8845 | D:9      | 8845 ||| FLEEEEING.
  8846 | D:9      | 8846 ||| FLEEEEING.
  8847 | D:9      | 8847 ||| FLEEEEING.
  8891 | D:9      | 8891 ||| INVOKING Heroism.
  8895 | D:9      | 8895 ||| Stepping ~*~*~tactically~*~*~ (cloud).
  8900 | D:9      | 8900 ||| Stepping ~*~*~tactically~*~*~ (cloud).
  8917 | D:9      | Noticed a lindwurm
  8924 | D:9      | 8924 ||| INVOKING Heroism.
  8942 | D:9      | Received a gift from Okawaru
  8961 | D:9      | Killed a lindwurm
  8999 | D:9      | 8999 ||| INVOKING Heroism.
  9003 | D:9      | Killed a two-headed ogre
  9004 | D:9      | Reached skill level 6 in Invocations
  9020 | D:9      | Reached skill level 14 in Ranged Weapons
  9026 | D:9      | 9026 ||| INVOKING Heroism.
  9033 | D:9      | Killed a two-headed ogre
  9037 | D:9      | 9037 ||| Stepping ~*~*~tactically~*~*~ (cloud).
  9039 | D:9      | 9039 ||| Stepping ~*~*~tactically~*~*~ (cloud).
  9104 | D:9      | Identified the +0 chain mail of Fanaticism {Harm rN++ rCorr
                  | MP-9}
  9105 | D:9      | 9105 ||| PLANNING LAIR
  9105 | D:9      | 9105 ||| UPGRADING to +0 troll leather armour.
  9115 | D:9      | 9115 ||| DROPPING +2 acid dragon scales.
  9184 | Lair:1   | Entered Level 1 of the Lair of Beasts
  9184 | Lair:1   | Noticed a boulder beetle
  9185 | Lair:1   | 9185 ||| INVOKING Heroism.
  9198 | Lair:1   | Killed a boulder beetle
  9205 | Lair:1   | Reached XP level 12. HP: 76/76 MP: 15/17
  9208 | Lair:1   | Reached ***** piety under Okawaru
  9209 | Lair:1   | 9209 ||| STAIRDANCE
  9259 | Lair:1   | 9259 ||| Stepping ~*~*~tactically~*~*~ (water).
  9273 | Lair:1   | 9273 ||| INVOKING Heroism.
  9308 | Lair:1   | Found a frozen archway.
  9434 | Lair:1   | Noticed a death yak
  9435 | Lair:1   | 9435 ||| INVOKING Heroism.
  9436 | Lair:1   | 9436 ||| INVOKING Finesse.
  9439 | Lair:1   | Noticed a death yak
  9444 | Lair:1   | Noticed a death yak
  9450 | Lair:1   | Killed a death yak
  9450 | Lair:1   | Noticed a death yak
  9456 | Lair:1   | Killed a death yak
  9466 | Lair:1   | Killed a death yak
  9469 | Lair:1   | Killed a death yak
  9596 | Lair:1   | Reached skill level 9 in Invocations
  9603 | Lair:1   | 9603 ||| INVOKING Heroism.
  9638 | Lair:1   | 9638 ||| INVOKING Heroism.
  9664 | Lair:1   | HP: 15/77 [blink frog (11)]
  9665 | Lair:1   | 9665 ||| READING 2 scrolls of teleportation.
  9666 | Lair:1   | 9666 ||| INVOKING Heroism.
  9725 | Lair:1   | 9725 ||| INVOKING Heroism.
  9782 | Lair:1   | Found a shimmering altar of Xom.
  9788 | Lair:1   | 9788 ||| INVOKING Heroism.
  9992 | Lair:1   | 9992 ||| INVOKING Heroism.
 10054 | Lair:1   | 10054 ||| DROPPING amulet of the acrobat.
 10055 | Lair:1   | 10055 ||| READING scroll labelled NYTETZIVVI.
 10186 | Lair:2   | Noticed a skyshark
 10194 | Lair:2   | Banished a skyshark
 10206 | Lair:2   | Received a gift from Okawaru
 10216 | Lair:2   | Reached skill level 15 in Ranged Weapons
 10257 | Lair:2   | 10257 ||| INVOKING Heroism.
 10283 | Lair:2   | 10283 ||| Stepping ~*~*~tactically~*~*~ (outnumbered).
 10299 | Lair:2   | Reached skill level 6 in Dodging
 10299 | Lair:2   | Reached XP level 13. HP: 73/82 MP: 20/20
 10303 | Lair:2   | 10303 ||| INVOKING Heroism.
 10357 | Lair:2   | 10357 ||| INVOKING Heroism.
 10358 | Lair:2   | 10358 ||| INVOKING Finesse.
 10400 | Lair:2   | HP: 14/82 [death yak (10)]
 10401 | Lair:2   | 10401 ||| READING 6 scrolls of teleportation.
 10402 | Lair:2   | Received a gift from Okawaru
 10404 | Lair:2   | Slain by a death yak

Levels and vault maps discovered:
D:1:      erik_arrival_orb_chamber, layout_basic, minmay_3d_cube
D:2:      minmay_recursive_quarters, layout_basic, serial_corexii_hall,
          chequers_hall_statues_corner_a, corexii_hall_statues_t,
          chequers_hall_statues_y, corexii_hall_statues_i,
          shapermc_ecumenical_altar_petra, hangedman_decor_riveting,
          uniq_crazy_yiuf_cottage, uniq_terence
D:3:      layout_rooms, mainiacjoe_overflow_surrounded_room, xom_butterflies,
          lemuel_round_altar, chequers_serial_rivers_small_3
D:4:      layout_loops_ring, tgw_trog
D:5:      layout_rooms, tgw_kikubaaqudgha, marbit_many_paths, uniq_pikel,
          uniq_sigmund, uniq_menkaure
D:6:      layout_loops_corners, minmay_temple_entry_purple_smoke,
          serial_park_tiny_pond, kb_lookout_dungeons_type, minmay_misc_feat_x,
          guppyfry_shop_venom, uniq_maggie
D:7:      layout_cave_pods, amcnicky_altar_gilded, mainiacjoe_overflow_catwalk,
          mrwooster_statue_mirror
D:8:      layout_basic, lemuel_coloured_pillars_altar, serial_co_window_serial,
          co_window_corner_a, co_window_of_opportunity_a, co_window_corner_a,
          co_window_paths_b, co_window_paths_b, co_window_corner_b,
          co_window_corner_b, co_window_2corner, co_window_corner_ca,
          co_window_of_opportunity_c, co_window_broadway_a, co_window_paths_e,
          glass_columns_b, glass_columns_c, glass_columns_c, uniq_maurice
D:9:      kennysheep_windowed_halls, layout_irregular_city,
          nicolae_wu_jian_glorious_leap, erik_lair_orcish_takeover,
          serial_shops, shop_fountains, chequers_decorated_corner,
          minmay_circle_x
Temple:   bh_familiar_temple
Lair:1:   layout_loops_ring, basic_altar, portal_ice_cave_rime,
          serial_bayou_shore_a, grunt_megastairs_5
Lair:2:   layout_regular_city, minivault_25, lemuel_fruit_tree

Skill      XL: |  1  2  3  4  5  6  7  8  9 10 11 12 |
---------------+-------------------------------------+-----
Ranged Weapons | 3 4 5 6 9 11 12 14 15 | 15.7
Fighting       | 2 3 6 7 8 9 10 | 10.0
Armour         | 1 2 3 4 5 |  5.2
Dodging        | 2 3 4 6 |  6.0
Invocations    | 2 4 7 10 | 10.0
Spellcasting   | |  1.0
Hexes          | |  2.6

Action                     |  1- 3 |  4- 6 |  7- 9 | 10-12 | 13-15 || total
---------------------------+-------+-------+-------+-------+-------++-------
   Fire: Sling             |    98 |   285 |   303 |       |       ||   686
         Shortbow          |       |       |    76 |   152 |       ||   228
         Orcbow            |       |       |       |   574 |    65 ||   639
 Invoke: Heroism           |       |       |       |    26 |     2 ||    28
         Finesse           |       |       |       |     1 |     1 ||     2
    Use: Scroll            |     3 |     9 |     3 |     8 |     1 ||    24
         Potion            |       |     5 |     5 |       |       ||    10
 Armour: Robe              |     8 |       |       |       |       ||     8
         Ring mail         |     7 |   115 |    87 |       |       ||   209
         Acid dragon scale |       |       |    68 |   109 |       ||   177
         Troll leather arm |       |       |       |    76 |    10 ||    86
  Dodge: Dodged            |    29 |   140 |   181 |   320 |    24 ||   694

Table legend:
 A = Non-vault XP
 B = Vault XP
 C = Vault XP percentage of total XP
 D = Non-vault monster count
 E = Vault monster count
 F = Vault count percentage of total count
                 A         B        C        D         E       F
            +---------+---------+-------+---------+---------+-------
      Total |   25552 |   10658 |  29.4 |     215 |      68 |  24.0
            +---------+---------+-------+---------+---------+-------
        D:1 |      37 |       6 |  14.0 |      22 |       3 |  12.0
        D:2 |      80 |      78 |  49.4 |      13 |      13 |  50.0
        D:3 |      58 |       0 |   0.0 |      23 |       0 |   0.0
        D:4 |     354 |     663 |  65.2 |      19 |       1 |   5.0
        D:5 |     994 |     428 |  30.1 |      19 |       3 |  13.6
        D:6 |     430 |     561 |  56.6 |      13 |       4 |  23.5
        D:7 |     505 |       0 |   0.0 |       9 |       0 |   0.0
        D:8 |    2544 |     480 |  15.9 |      28 |       1 |   3.4
        D:9 |    3554 |    6473 |  64.6 |      21 |      34 |  61.8
     Lair:1 |    9584 |    1969 |  17.0 |      27 |       9 |  25.0
     Lair:2 |    7412 |       0 |   0.0 |      21 |       0 |   0.0
            +---------+---------+-------+---------+---------+-------
